 Dungeon Crawl Stone Soup version 0.20.1-1-g8b1a95d (webtiles) character file.

58287 Mesmaeker13 the Geomancer (level 14, -1/68 HPs)
             Began as a Gargoyle Earth Elementalist on July 26, 2017.
             Was a High Priest of Vehumet.
             Shot with a bolt by a naga sharpshooter (23 damage)
             ... on level 1 of the Snake Pit.
             The game lasted 01:09:43 (21087 turns).

Mesmaeker13 the Geomancer (GrEE)                   Turns: 21087, Time: 01:09:43

Health: -1/68      AC: 24    Str: 12    XL:     14   Next: 89%
Magic:  29/35      EV: 17    Int: 24    God:    Vehumet [*****.]
Gold:   615        SH:  0    Dex: 10    Spells: 10/30 levels left

rFire    . . .     SeeInvis .   e - +2 scimitar (flame)
rCold    . . .     Gourm    .   (no shield)
rNeg     + . .     Faith    .   V - +0 steam dragon scales
rPois    ∞         Spirit   .   T - +0 helmet
rElec    +         Reflect  +   j - +2 cloak
rCorr    .         Harm     .   v - +1 pair of gloves
MR       +....                  (no boots)
Stlth    +.........             d - +6 amulet of reflection
Regen    0.3/turn               r - +5 ring of evasion
MPRegen  0.3/turn               b - ring "Wyacearry" {MP+9 Int+3}

@: confused, glowing, constricted
A: big wings, negative energy resistance 1, electricity resistance, unbreathing,
petrification resistance, rot immunity, AC +9
a: Fly, Renounce Religion


You were on level 1 of the Snake Pit.
You worshipped Vehumet.
Vehumet was extremely pleased with you.
You were not hungry.

You visited 5 branches of the dungeon, and saw 22 of its levels.

You collected 2156 gold pieces.
You spent 1541 gold pieces at shops.

Inventory:

Hand Weapons
 e - a +2 scimitar of flaming (weapon)
 s - a +2 long sword of venom
Missiles
 w - 9 stones (quivered)
Armour
 j - a +2 cloak (worn)
 v - a +1 pair of gloves (worn)
 L - +0 fire dragon scales
 T - a +0 helmet (worn)
 V - +0 steam dragon scales (worn)
Jewellery
 b - the ring "Wyacearry" (right hand) {MP+9 Int+3}
   (You bought it in a shop on level 2 of the Orcish Mines)

   [ring of magical power]

   It affects your intelligence (+3).
   It affects your magic capacity (+9).
 d - a +6 amulet of reflection (around neck)
 f - an uncursed ring of protection from cold
 r - a +5 ring of evasion (left hand)
Wands
 k - a wand of paralysis (14/24)
Scrolls
 l - 5 scrolls of remove curse
 p - 2 scrolls of immolation
 q - a scroll of acquirement {unknown}
 y - 3 scrolls of teleportation
 z - a scroll of blinking {unknown}
 B - a scroll of silence {unknown}
 E - 2 scrolls of vulnerability {unknown}
 O - a scroll of fog {unknown}
 R - a scroll of brand weapon {unknown}
 W - a scroll of random uselessness {unknown}
Potions
 a - 6 potions of curing
 g - a potion of flight {unknown}
 h - a potion of magic {unknown}
 o - a potion of resistance
 u - 3 potions of agility
 D - 6 potions of brilliance
 G - a potion of heal wounds
 H - 4 potions of mutation {unknown}
 I - 2 potions of haste {unknown}
 P - a potion of might {unknown}
 S - 4 potions of lignification
 Z - a potion of cancellation
Miscellaneous
 t - a phantom mirror


   Skills:
 + Level 7.7 Long Blades
 + Level 9.4 Armour
 - Level 7.2 Dodging
 - Level 2.1 Stealth
 + Level 8.9 Spellcasting
 - Level 11.1 Conjurations
 - Level 7.0 Translocations
 - Level 5.0 Transmutations
 + Level 6.0 Fire Magic
 + Level 14.1 Earth Magic


You had 10 spell levels left.
You knew the following spells:

 Your Spells              Type           Power        Failure   Level  Hunger
a - Sandblast             Erth           ######       0%          1    None
b - Stone Arrow           Conj/Erth      ######       1%          3    None
c - Passwall              Tmut/Erth      ######....   1%          2    None
d - Lee's Rapid Deconstr  Erth           ######....   1%          5    ####...
e - Force Lance           Conj/Tloc      ######..     1%          4    ##.....
f - Bolt of Magma         Conj/Fire/Erth ######....   1%          5    ####...


Dungeon Overview and Level Annotations

Branches:
Dungeon (12/15)            Temple (1/1) D:7            Lair (6/6) D:8
  Swamp (0/4) Lair:4        Snake (1/4) Lair:4        Slime (0/5) Lair:5
    Orc (2/2) D:9             Elf (0/3) Orc:2

Altars:
Ashenzari
Cheibriados
Dithmenos
Elyvilon
Fedhas
Gozag
Hepliaklqana
Kikubaaqudgha
Makhleb
Nemelex Xobeh
Okawaru
Qazlal
Ru
Sif Muna
Trog
Uskayaw
Vehumet
Xom
Yredelemnul
Zin
The Shining One
Beogh
Jiyva

Shops:
D:6 %   Orc:1 (((   Orc:2 ?}[=[

Annotations:
D:12 Charly's ghost, journeyman VSEE
Lair:5 1 runed door
Snake:1 Monsterracer's ghost, journeyman FeEn


Innate Abilities, Weirdness & Mutations

You are resistant to torment.
Your stone body is resilient. (AC +9)
You are immune to poison.
Your large and strong wings let you fly indefinitely.
You resist negative energy. (rN+)
You are resistant to electric shocks. (rElec)
You can survive without breathing.
You are immune to petrification.
You are immune to rotting.


Message History

Okay, then.
You're too confused!
Unknown command.
You're too confused!
You're too confused!
Unknown command.
You're too confused to cast spells.
Throwing (i - inventory):
w - 10 stones (quivered)
Press: ? - help, Shift-Dir - straight line, f - naga sharpshooter
Aim: a naga sharpshooter, wielding a war axe (catching its breath)
You throw a stone. The stone barely misses the anaconda.
The anaconda misses you. The anaconda constricts you.
The anaconda bites you but does no damage.
The anaconda constricts you.
The naga sharpshooter unwields an uncursed war axe.
The naga sharpshooter wields an uncursed arbalest.
The naga sharpshooter gestures wildly while chanting.
The naga sharpshooter magically shoots a bolt.
The bolt hits you!!
You die...

###
#.N.#######.#
#N.@S....#
#.N#######
#..# #.# #..
... ... #..


You could see 2 naga sharpshooters, an anaconda and a naga.

Vanquished Creatures
  The ghost of SmokeFace the Alchemist, a journeyman MfTm of Makhleb (Lair:5)
  A fire dragon (Lair:6)
  Harold (Lair:3)
  7 hydras
  An anaconda (Snake:1)
  2 naga warriors (Snake:1)
  3 death yaks
  Erica (Lair:2)
  A two-headed ogre (D:10)
  3 orc high priests (Orc:2)
  A lindwurm (Lair:6)
  Pikel (D:6)
  2 mana vipers (Snake:1)
  3 orc sorcerers
  5 orc knights
  2 cyclopes
  4 salamanders (Snake:1)
  6 elephants (Lair:6)
  10 black mambas
  A guardian serpent (Snake:1)
  15 spiny frogs
  2 molten gargoyles (Lair:6)
  3 rime drakes
  11 komodo dragons
  A troll (Orc:2)
  A tyrant leech (Lair:4)
  Grinder (D:3)
  Prince Ribbit (D:8)
  7 blink frogs (Lair:6)
  9 hippogriffs
  Sigmund (D:3)
  3 wyverns
  A vampire (D:11)
  5 basilisks
  17 yaks
  A wraith (D:10)
  A hungry ghost (D:10)
  A steam dragon (D:9)
  3 wargs
  9 nagas
  13 water moccasins
  3 hell hounds (Lair:6)
  8 porcupines
  4 slaves (D:6)
  23 orc warriors
  A phantom (D:6)
  4 ice beasts
  2 sky beasts
  11 ogres
  A wolf (Lair:2)
  4 centaurs
  15 crocodiles
  A big kobold (D:11)
  11 bullfrogs
  A water moccasin zombie (D:7)
  4 scorpions
  A water moccasin skeleton (D:8)
  8 killer bees
  5 howler monkeys
  14 wights
  8 electric eels
  3 crimson imps
  3 bullfrog zombies
  A quasit (D:9)
  A centaur zombie (D:5)
  4 lava snakes (Lair:6)
  7 hounds
  3 jellies
  9 centaur skeletons
  2 bullfrog skeletons
  18 orc priests
  28 orc wizards
  Jessica (D:3)
  5 iguanas
  8 worker ants
  A hound zombie (D:5)
  3 hound skeletons
  A howler monkey zombie (D:7)
  4 worker ant zombies
  13 adders
  A howler monkey skeleton (D:9)
  2 shadow imps
  3 adder skeletons
  2 adder zombies
  A worm (D:3)
  2 dart slugs
  4 leopard geckos
  77 orcs
  A ball python (D:2)
  5 giant cockroaches
  6 goblins
  6 hobgoblins
  3 jackals (D:6)
  10 kobolds
  3 quokkas
  8 bats
  3 frilled lizards
  2 giant cockroach zombies (D:5)
  A jackal skeleton (D:5)
  A jackal zombie (D:5)
  2 quokka zombies
  7 rats
556 creatures vanquished.

Vanquished Creatures (others)
  A bullfrog (Lair:2)
  An orc priest (Orc:2)
  34 fungi
  11 plants
47 creatures vanquished.

Grand Total: 603 creatures vanquished

Notes
Turn   | Place    | Note
-------+----------+-------------------------------------------
     0 | D:1      | Mesmaeker13 the Gargoyle Earth Elementalist began the quest for the Orb.
     0 | D:1      | Reached XP level 1. HP: 10/10 MP: 3/3
   177 | D:1      | Reached XP level 2. HP: 15/15 MP: 1/5
   719 | D:2      | Reached skill level 4 in Earth Magic
   719 | D:2      | Reached XP level 3. HP: 14/19 MP: 0/6
   778 | D:2      | Learned a level 3 spell: Stone Arrow
   995 | D:2      | Reached XP level 4. HP: 21/24 MP: 4/8
  1408 | D:3      | Learned a level 2 spell: Passwall
  1439 | D:3      | Noticed Jessica
  1494 | D:3      | Killed Jessica
  1519 | D:3      | Reached skill level 1 in Conjurations
  1519 | D:3      | Reached XP level 5. HP: 28/28 MP: 7/9
  1630 | D:3      | Noticed Grinder
  1783 | D:4      | Reached skill level 5 in Earth Magic
  1783 | D:4      | Reached XP level 6. HP: 28/32 MP: 6/11
  1857 | D:4      | Found an opulent altar of Gozag.
  2496 | D:5      | Entered Level 5 of the Dungeon
  2511 | D:5      | Noticed a sky beast
  2532 | D:5      | Killed a sky beast
  2532 | D:5      | Reached XP level 7. HP: 29/36 MP: 8/13
  2771 | D:5      | Reached skill level 6 in Earth Magic
  2842 | D:5      | Found a snail-covered altar of Cheibriados.
  2919 | D:5      | Found a shattered altar of Ashenzari.
  3036 | D:5      | Reached XP level 8. HP: 41/41 MP: 11/14
  3289 | D:6      | Learned a level 5 spell: Lee's Rapid Deconstruction
  3364 | D:3      | Killed Grinder
  3364 | D:3      | Reached skill level 5 in Spellcasting
  3620 | D:3      | Noticed Sigmund
  3630 | D:3      | Killed Sigmund
  3630 | D:3      | Reached skill level 7 in Earth Magic
  3814 | D:5      | Reached skill level 5 in Conjurations
  3963 | D:6      | Reached skill level 5 in Dodging
  3963 | D:6      | Reached XP level 9. HP: 33/45 MP: 12/17
  4191 | D:6      | Found Alibaig's Food Emporium.
  4309 | D:6      | Noticed Pikel
  4457 | D:6      | Killed Pikel
  4457 | D:6      | Reached skill level 8 in Earth Magic
  4787 | D:7      | Found an iron altar of Okawaru.
  4892 | D:7      | Found a staircase to the Ecumenical Temple.
  4917 | Temple   | Entered the Ecumenical Temple
  5106 | Temple   | Became a worshipper of Vehumet
  5204 | D:7      | Found a bloodstained altar of Trog.
  5498 | D:8      | Reached skill level 9 in Earth Magic
  5498 | D:8      | Reached XP level 10. HP: 50/50 MP: 17/20
  5535 | D:8      | Found a burning altar of Makhleb.
  5535 | D:8      | Noticed a cyclops
  5547 | D:8      | Killed a cyclops
  5547 | D:8      | Reached skill level 1 in Transmutations
  5934 | D:8      | Noticed Prince Ribbit
  5936 | D:8      | Killed Prince Ribbit
  5939 | D:8      | Reached * piety under Vehumet
  5939 | D:8      | Offered knowledge of Shock by Vehumet.
  6399 | D:8      | Found a staircase to the Lair.
  6758 | D:9      | Offered knowledge of Throw Frost by Vehumet.
  6801 | D:9      | Reached ** piety under Vehumet
  6921 | D:9      | Found a staircase to the Orcish Mines.
  6950 | D:9      | Reached XP level 11. HP: 54/54 MP: 3/22
  7135 | D:9      | Reached skill level 10 in Earth Magic
  7148 | D:9      | Offered knowledge of Mephitic Cloud by Vehumet.
  7233 | D:9      | Found a sparkling altar of Nemelex Xobeh.
  7462 | D:10     | Entered Level 10 of the Dungeon
  7525 | D:10     | Reached *** piety under Vehumet
  7969 | D:10     | Noticed a two-headed ogre
  7977 | D:10     | Killed a two-headed ogre
  7984 | D:10     | Offered knowledge of Throw Icicle by Vehumet.
  8335 | Lair:1   | Entered Level 1 of the Lair of Beasts
  8529 | Lair:1   | Noticed an eight-headed hydra
  8535 | Lair:1   | Reached skill level 1 in Armour
  8542 | Lair:1   | Killed an eight-headed hydra
  9147 | Lair:1   | Learned a level 4 spell: Force Lance
  9314 | Lair:2   | Noticed Erica
  9354 | Lair:2   | Killed Erica
  9354 | Lair:2   | Reached skill level 1 in Translocations
  9354 | Lair:2   | Reached skill level 5 in Transmutations
  9354 | Lair:2   | Reached skill level 11 in Earth Magic
  9416 | Lair:2   | Noticed a five-headed hydra
  9416 | Lair:2   | Noticed an eight-headed hydra
  9444 | Lair:2   | Killed an eight-headed hydra
  9444 | Lair:2   | Reached XP level 12. HP: 59/59 MP: 6/24
  9446 | Lair:2   | Killed a five-headed hydra
  9446 | Lair:2   | Reached skill level 1 in Long Blades
  9447 | Lair:2   | Reached **** piety under Vehumet
  9883 | Lair:2   | Reached skill level 10 in Conjurations
 10037 | Lair:2   | Offered knowledge of Bolt of Magma by Vehumet.
 10087 | Lair:2   | Noticed a five-headed hydra
 10093 | Lair:2   | Killed a five-headed hydra
 10448 | Lair:3   | Reached skill level 5 in Armour
 10781 | Lair:3   | Noticed Harold
 10790 | Lair:3   | Killed Harold
 10976 | Lair:3   | Noticed a seven-headed hydra
 10989 | Lair:3   | Killed a seven-headed hydra
 10989 | Lair:3   | Reached skill level 12 in Earth Magic
 11789 | Lair:4   | Noticed a death yak
 11789 | Lair:4   | Noticed a death yak
 11789 | Lair:4   | Noticed a death yak
 11843 | Lair:3   | Killed a death yak
 11896 | Lair:4   | Found a staircase to the Snake Pit.
 11908 | Lair:4   | Reached XP level 13. HP: 47/63 MP: 15/25
 12164 | Lair:4   | Found a staircase to the Swamp.
 12617 | Lair:4   | Reached skill level 5 in Translocations
 12832 | Lair:5   | Learned a level 5 spell: Bolt of Magma
 12909 | Lair:5   | Noticed SmokeFace's ghost (journeyman MfTm)
 12927 | Lair:5   | Killed SmokeFace's ghost
 13094 | Lair:5   | Found a runed door.
 13096 | Lair:5   | Found a viscous altar of Jiyva.
 13097 | Lair:5   | Found a staircase to the Slime Pits.
 13127 | Lair:5   | Reached skill level 5 in Long Blades
 13243 | Lair:5   | Reached skill level 1 in Fire Magic
 13417 | Lair:6   | Entered Level 6 of the Lair of Beasts
 14112 | Lair:6   | Reached ***** piety under Vehumet
 14275 | Lair:6   | Offered knowledge of Fireball by Vehumet.
 14363 | Lair:6   | Reached skill level 13 in Earth Magic
 15437 | Lair:6   | Gained mutation: Your large and strong wings let you fly indefinitely. [Gargoyle growth]
 15437 | Lair:6   | Reached XP level 14. HP: 57/68 MP: 16/26
 15569 | Lair:6   | Found a large runed door.
 15570 | Lair:6   | Found a large runed door.
 16459 | Orc:1    | Entered Level 1 of the Orcish Mines
 16463 | Orc:1    | Found Xilim's Antique Weapon Emporium.
 16991 | Orc:2    | Entered Level 2 of the Orcish Mines
 16991 | Orc:2    | Found a staircase to the Elven Halls.
 17261 | Orc:2    | Offered knowledge of Irradiate by Vehumet.
 17321 | Orc:1    | Found Joej's Weapon Shop.
 17321 | Orc:1    | Found Maimy's Weapon Emporium.
 17461 | Orc:2    | Found a roughly hewn altar of Beogh.
 18090 | Orc:2    | Reached skill level 5 in Fire Magic
 18291 | Orc:2    | Paralysed by an orc sorcerer for 5 turns
 18479 | Orc:2    | Found Dieguv's Magic Scroll Shop.
 18673 | Orc:2    | Found Canuph's Armour Shoppe.
 18673 | Orc:2    | Found Yfezemet's Jewellery Shop.
 18677 | Orc:2    | Found Wuowago's Armour Shoppe.
 18677 | Orc:2    | Found Ciosan's Gadget Shop.
 18688 | Orc:2    | Bought the ring "Wyacearry" {MP+9 Int+3} for 432 gold pieces
 18694 | Orc:2    | Bought a +6 amulet of reflection for 760 gold pieces
 18697 | Orc:2    | Bought an uncursed ring of protection from cold for 325 gold pieces
 18737 | Orc:2    | Bought a scroll of identify for 24 gold pieces
 19934 | D:12     | Noticed Charly's ghost (journeyman VSEE)
 20181 | Snake:1  | Entered Level 1 of the Snake Pit
 20246 | Snake:1  | Noticed Monsterracer's ghost (journeyman FeEn)
 20390 | Snake:1  | Reached skill level 14 in Earth Magic
 21087 | Snake:1  | Shot with a bolt by a naga sharpshooter

Skill      XL: |  1  2  3  4  5  6  7  8  9 10 11 12 13 14 |
---------------+-------------------------------------------+-----
Dodging        | 2 3 4 5 6 7 |  7.2
Earth Magic    | 4 5 6 7 9 11 12 13 14 | 14.1
Spellcasting   | 3 4 5 6 7 8 |  8.9
Conjurations   | 1 2 3 5 6 8 9 10 11 | 11.1
Transmutations | 3 5 |  5.0
Armour         | 3 6 7 9 |  9.4
Translocations | 1 4 6 7 |  7.0
Long Blades    | 4 6 7 |  7.7
Fire Magic     | 3 6 |  6.0
Stealth        | |  2.1

Action                   |  1- 3 |  4- 6 |  7- 9 | 10-12 | 13-15 || total
-------------------------+-------+-------+-------+-------+-------++-------
Melee: Whip              |    41 |    21 |       |       |       ||    62
       Club              |       |    45 |   194 |   150 |       ||   389
       Scimitar          |       |       |       |    50 |   436 ||   486
       Long sword        |       |       |       |       |    30 ||    30
Throw: Stone             |       |       |     1 |       |     1 ||     2
       Throwing net      |       |       |       |     1 |     5 ||     6
 Cast: Sandblast         |    26 |    40 |   126 |   227 |   195 ||   614
       Stone Arrow       |       |     4 |    17 |    53 |   179 ||   253
       Passwall          |       |       |     2 |       |       ||     2
       Lee's Rapid Decon |       |       |       |    24 |    18 ||    42
       Force Lance       |       |       |       |     2 |    13 ||    15
       Bolt of Magma     |       |       |       |       |    41 ||    41
Evoke: Wand              |       |       |     1 |     3 |       ||     4
  Use: Scroll            |       |     3 |     2 |     8 |     9 ||    22
       Potion            |       |       |       |       |    15 ||    15
 Stab: Sleeping          |     2 |       |     2 |     1 |       ||     5
       Confused          |       |       |     1 |       |       ||     1
       Distracted        |       |       |       |     1 |     2 ||     3
       Held in net/web   |       |       |       |       |     1 ||     1
  Eat: Chunk             |     1 |     5 |    10 |    19 |    23 ||    58
       Fruit             |       |       |       |     2 |     6 ||     8
       Bread ration      |       |       |       |     2 |     2 ||     4
       Meat ration       |       |       |       |       |     1 ||     1
Armor: Robe              |    21 |    22 |    68 |    41 |       ||   152
       Steam dragon scal |       |       |       |    80 |   275 ||   355
       Skin              |       |       |       |       |     3 ||     3
Dodge: Dodged            |    34 |    65 |   250 |   349 |   608 ||  1306
Block: Other             |       |       |       |       |    75 ||    75
       Reflection        |       |       |       |       |     3 ||     3
       Rpst.: Scimitar   |       |       |       |    31 |   141 ||   172
       Long sword        |       |       |       |       |     5 ||     5
